 Dungeon Crawl Stone Soup version 0.27.0-1-g7a089689b8 (webtiles) character file.

Game seed: 8630377572033403546

532 GordonOverkill the Chopper (level 7, -2/56 HPs)
             Began as a Human Delver on Aug 9, 2021.
             Slain by a quicksilver ooze (15 damage)
             ... created by the vengeance of Jiyva
             ... in the Ecumenical Temple.
             The game lasted 00:12:25 (5346 turns).

GordonOverkill the Chopper (Human Delver)           Turns: 5346, Time: 00:12:25

Health: -2/56      AC:  8    Str: 14    XL:     7   Next: 49%
Magic:  0/7        EV: 10    Int: 11    God:
Gold:   204        SH:  3    Dex: 12    Spells: 6/6 levels left

rFire    . . .     SeeInvis .   a - +0 hand axe
rCold    . . .     Faith    .   b - +0 buckler
rNeg     . . .     Spirit   .   h - +0 ring mail
rPois    .         Reflect  .   l - +2 helmet
rElec    .         Harm     .   (no cloak)
rCorr    .         Rampage  .   (no gloves)
Will     +....     Rnd*Rage +   (no boots)
Stlth    ++........             (no amulet)
HPRegen  0.18/turn              m - ring of willpower
MPRegen  0.10/turn              (no ring)

@: no status effects
A: berserk 1, clumsy 1
a: no special abilities


You were in the Ecumenical Temple.
You visited 2 branches of the dungeon, and saw 7 of its levels.

You collected 204 gold pieces.

Inventory:

Hand Weapons
 a - a +0 hand axe (weapon)
Missiles
 o - 28 poisoned darts (quivered)
Armour
 b - a +0 buckler (worn)
 h - a +0 ring mail (worn)
 l - a +2 helmet (worn)
Jewellery
 m - a ring of willpower (left hand)
Wands
 g - a wand of digging (3)
Scrolls
 c - a scroll of fog
 e - a scroll of fear
 f - a scroll of amnesia
 i - a scroll of teleportation
 j - 2 scrolls of enchant armour {unknown}
 n - a scroll of blinking {unknown}
 q - a scroll of vulnerability {unknown}
Potions
 d - 2 potions of curing
 k - 2 potions of degeneration {unknown}
 p - a potion of magic {unknown}
 r - a potion of heal wounds {unknown}


   Skills:
 + Level 5.1 Fighting
 * Level 6.3 Axes
 + Level 1.2 Throwing
 - Level 2.0 Dodging
 - Level 5.0 Stealth
 + Level 0.0 Shields


You had 6 spell levels left.
You didn't know any spells.
Your spell library contained the following spells:

 Spells                   Type           Power      Damage    Failure   Level
 Animate Skeleton         Necr           0%         N/A       77%         1
 Apportation              Tloc           0%         N/A       77%         1
 Corona                   Hex            0%         N/A       77%         1
 Summon Small Mammal      Summ           0%         N/A       77%         1
 Alistair's Intoxication  Tmut/Pois      0%         N/A       100%        5
 Invisibility             Hex            0%         N/A       100%        6


Dungeon Overview and Level Annotations

Branches:
Dungeon (6/15)             Temple (1/1) D:4

Altars:
Ashenzari
Cheibriados
Dithmenos
Elyvilon
Fedhas
Gozag
Hepliaklqana
Makhleb
Nemelex Xobeh
Okawaru
Qazlal
Ru
Sif Muna
Trog
Uskayaw
Vehumet
Wu Jian
Xom
Yredelemnul
Zin
The Shining One
Jiyva

Annotations:
D:4 Dowan


Innate Abilities, Weirdness & Mutations

You tend to lose your temper in combat.
You are clumsy. (Dex -2)


Message History

Found a radiant altar of Vehumet and a sacrificial altar of Ru.
Found a shimmering altar of Xom.
Found a broken altar of Ashenzari.
Found an ornate altar of the Wu Jian Council.
Found a shadowy altar of Dithmenos.
Found a snail-covered altar of Cheibriados.
Found a white marble altar of Elyvilon.
Key pressed, stopping explore.
Some slimes ooze up out of the ground!
A quicksilver ooze comes into view.
A quicksilver ooze is nearby!
A quicksilver ooze is nearby!
The quicksilver ooze hits you. The quicksilver ooze engulfs you!
The quicksilver ooze hits you!
You feel your power leaking away.
You slip free of the ooze engulfing you.
* * * LOW HITPOINT WARNING * * *
Your lungs strain for air!
The quicksilver ooze hits you.
* * * LOW HITPOINT WARNING * * *
You block the quicksilver ooze's attack.
You slip free of the ooze engulfing you.
You gasp with relief as air once again reaches your lungs.
The quicksilver ooze hits you!
* * * LOW HITPOINT WARNING * * *
The quicksilver ooze engulfs you!
You block the quicksilver ooze's attack.
You slip free of the ooze engulfing you.
You gasp with relief as air once again reaches your lungs.
The quicksilver ooze hits you!
* * * LOW HITPOINT WARNING * * *
The quicksilver ooze engulfs you! The quicksilver ooze hits you.
* * * LOW HITPOINT WARNING * * *
You feel your power leaking away.
You slip free of the ooze engulfing you.
You gasp with relief as air once again reaches your lungs.
The quicksilver ooze barely misses you. The quicksilver ooze hits you.
* * * LOW HITPOINT WARNING * * *
The quicksilver ooze hits you!
You die...

≈≈≈≈≈≈≈≈≈≈≈≈.................≈≈≈≈
≈≈≈≈≈≈≈≈≈≈.8.................8.≈≈
≈≈≈≈≈≈≈≈≈..........._...........≈
≈≈≈≈≈≈≈≈⌠.......................⌠
≈≈≈≈≈≈≈........._......._........
≈≈≈≈≈≈.............._............
≈≈≈≈≈≈8....._..............._....
≈≈≈≈≈............................
≈≈≈≈≈..........J@.##_##..........
≈≈≈≈⌠...........#########........
≈≈≈≈....._.....## ##....._.
≈≈≈...........## ##......
≈≈≈8..........# #......
≈≈≈..........## ##.....
≈≈≈....._....## ##...._
≈≈≈⌠........._# #_.....
≈≈≈..........## ##.....


You could see a quicksilver ooze.

Vanquished Creatures
  Grinder (D:3)
  Duvessa (D:4)
  A jelly (D:4)
  A bullfrog skeleton (D:2)
  Jessica (D:3)
  Robin (D:2)
  3 gnolls
  2 adders (D:2)
  A worm (D:3)
  3 dart slugs
  An orc (D:4)
  2 endoplasms (D:1)
  6 giant cockroaches
  10 hobgoblins
  9 jackals
  6 quokkas
  7 ball pythons
  6 bats
  5 frilled lizards
  15 goblins
  3 kobolds (D:1)
  7 rats
92 creatures vanquished.

Vanquished Creatures (others)
  An endoplasm (D:2)
  28 plants (D:5)
29 creatures vanquished.

Grand Total: 121 creatures vanquished

Notes
Turn   | Place    | Note
-------+----------+-------------------------------------------
     0 | D:5      | GordonOverkill the Human Delver began the quest for the
                  | Orb.
     0 | D:5      | Reached XP level 1. HP: 18/18 MP: 1/1
    99 | D:6      | Noticed a shadow
   202 | D:5      | Noticed a steam dragon
   202 | D:5      | Noticed a hound
   288 | D:5      | Noticed an ice beast
   724 | D:4      | Found a staircase to the Ecumenical Temple.
   724 | D:4      | Noticed Dowan
   975 | D:4      | Reached XP level 2. HP: 21/24 MP: 2/2
  1144 | D:3      | Noticed Robin
  1181 | D:2      | Reached XP level 3. HP: 8/29 MP: 3/3
  1425 | D:2      | Killed Robin
  1426 | D:2      | Reached skill level 3 in Axes
  1739 | D:2      | Reached XP level 4. HP: 20/37 MP: 4/4
  2230 | D:1      | Reached skill level 4 in Axes
  2384 | D:1      | Reached XP level 5. HP: 42/42 MP: 5/5
  2421 | D:1      | Found a faded altar of an unknown god.
  2584 | D:1      | Became a worshipper of Jiyva Jiolic the Shapeless
  2584 | D:1      | Reached * piety under Jiyva
  2632 | D:2      | Fell from the grace of Jiyva
  2684 | D:2      | Found a glowing golden altar of the Shining One.
  3295 | D:3      | Noticed Grinder
  3788 | D:3      | Paralysed by Grinder for 4 turns
  3970 | D:3      | Paralysed by Grinder for 3 turns
  3998 | D:3      | Killed Grinder
  3999 | D:3      | Reached skill level 5 in Axes
  3999 | D:3      | Reached XP level 6. HP: 36/49 MP: 6/6
  4013 | D:3      | Reached XP level 7. HP: 43/55 MP: 7/7
  4080 | D:3      | Noticed Jessica
  4143 | D:3      | Killed Jessica
  4151 | D:3      | Gained mutation: You tend to lose your temper in combat.
                  | [mutagenic glow]
  4258 | D:3      | Gained mutation: You are clumsy. (Dex -2) [the vengeance of
                  | Jiyva]
  4631 | D:4      | Reached skill level 6 in Axes
  4932 | D:4      | Noticed Duvessa
  4948 | D:4      | Killed Duvessa
  4949 | D:4      | Reached skill level 5 in Fighting
  4949 | D:4      | Reached skill level 1 in Throwing
  5005 | D:4      | Noticed a rockslime
  5005 | D:4      | Noticed a great orb of eyes
  5038 | Temple   | Entered the Ecumenical Temple
  5335 | Temple   | Noticed a quicksilver ooze
  5346 | Temple   | Slain by a quicksilver ooze

Illustrated notes

Levels and vault maps discovered:
D:1:      wander_arrival_lonely_grave, layout_rooms,
          hellmonk_ecumenical_altar_pennies_from_heaven
D:2:      layout_basic, basic_altar, minmay_lizard_pond
D:3:      layout_rooms, uniq_robin, uniq_jessica, uniq_grinder
D:4:      layout_gridville, minmay_temple_entry_statues, minmay_misc_feat_chi,
          serial_bayou_pond_e, uniq_duvessa
D:5:      layout_gridville, nicolae_kikubaaqudgha_miasma_corner, serial_bayou,
          serial_bayou_lagoon_a, serial_bayou_pond_d, serial_bayou_pond_e,
          serial_bayou_lagoon_b, uniq_edmund, uniq_sigmund
D:6:      layout_basic, serial_shops, shop
Temple:   nicolae_temple_the_god_donut

Skill      XL: |  1  2  3  4  5  6  7 |
---------------+----------------------+-----
Axes           | 3 4 5 6 |  6.3
Fighting       | 4 5 |  5.1
Throwing       | 1 |  1.2
Dodging        | |  2.0
Stealth        | |  5.0

Action                   |  1- 3 |  4- 6 |  7- 9 || total
-------------------------+-------+-------+-------++-------
Melee: Hand axe          |    80 |   187 |    46 ||   313
Throw: Dart              |       |       |     2 ||     2
Invok: Renounce Religion |       |     1 |       ||     1
  Use: Potion            |     1 |     3 |     1 ||     5
       Scroll            |     1 |     2 |     1 ||     4
 Stab: Sleeping          |       |     5 |     1 ||     6
       Distracted        |       |       |     1 ||     1
Armor: Ring mail         |    36 |    81 |    16 ||   133
Dodge: Dodged            |    49 |   119 |    21 ||   189
Block: Buckler           |       |       |     2 ||     2
